 Dungeon Sprint DCSS version 0.21.1-1-g345015f (webtiles) character file.

1597 Fang the Cleaver (level 8, -9/90 HPs)
             Began as a Gargoyle Berserker on June 27, 2018.
             Was a High Priest of Trog.
             Mangled by a cyclops (28 damage)
             ... in the Dungeon (Sprint VII: "The Pits").
             The game lasted 00:04:25 (1218 turns).

Fang the Cleaver (Gargoyle Berserker)               Turns: 1218, Time: 00:04:26

Health: -9/90      AC: 10    Str: 27    XL:     8   Next: 93%
Magic:  2/2        EV: 15    Int:  9    God:    Trog [*****.]
Gold:   0          SH:  0    Dex:  9    Spells: 7/7 levels left

rFire    . . .     SeeInvis .   n - +2 battleaxe (antimagic)
rCold    . . .     Gourm    .   (shield currently unavailable)
rNeg     + . .     Faith    .   b - +0 animal skin
rPois    ∞         Spirit   .   (no helmet)
rElec    +         Reflect  .   (no cloak)
rCorr    .         Harm     .   (no gloves)
MR       .....     Clarity  +   (no boots) Stlth ..........NoTele +
                                (no amulet)
HPRegen  0.25/turn              (no ring)
MPRegen  0.08/turn              (no ring)

@: berserking (expiring), very quick
A: slimy green scales 1, clarity, mutation resistance 1, negative energy
resistance 1, electricity resistance, unbreathing, petrification resistance, rot
immunity, AC +5
a: Berserk, Trog's Hand, Brothers in Arms, Burn Spellbooks, Renounce Religion


You were in the Dungeon.
You worshipped Trog.
Trog was extremely pleased with you.
You were not hungry.

You visited 1 branch

Inventory:

Hand Weapons
 j - a +2 hand axe
 m - a +2 hand axe of chopping
 n - a +2 antimagic battleaxe (weapon)
 r - a +1 broad axe of distortion
Armour
 b - a +0 animal skin (worn)
Jewellery
 o - a +3 ring of evasion
 q - a +3 ring of evasion
Scrolls
 i - a scroll of blinking
 k - 3 scrolls of remove curse
 l - a scroll of summoning
Potions
 a - 2 potions of invisibility
 d - 10 potions of curing
 e - 6 potions of heal wounds
 f - 2 potions of haste
 g - 4 potions of magic
 h - 4 potions of berserk rage
 p - a potion of brilliance
Comestibles
 c - 8 rations


   Skills:
 + Level 11.6 Fighting
 + Level 11.9 Axes
 + Level 5.1 Armour
 + Level 7.7 Dodging
 + Level 3.4 Stealth


You had 7 spell levels left.
You didn't know any spells.

Dungeon Overview and Level Annotations

Branches:
Dungeon (1/1)

Altars:
Cheibriados
Dithmenos
Elyvilon
Fedhas
Gozag
Hepliaklqana
Makhleb
Nemelex Xobeh
Okawaru
Qazlal
Ru
Sif Muna
Trog
Vehumet
Wu Jian
Xom
Yredelemnul
Zin
The Shining One
Beogh
Jiyva
Lugonu


Innate Abilities, Weirdness & Mutations

You are resistant to torment.
Your stone body is resilient. (AC +5)
You are immune to poison.
You resist negative energy. (rN+)
You are resistant to electric shocks. (rElec)
You can survive without breathing.
You are immune to petrification.
You are immune to rotting.
You are partially covered in slimy green scales. (AC +2)
You possess an exceptional clarity of mind.
You are somewhat resistant to further mutation.


Message History

You slash the cyclops!
The cyclops is severely wounded.
You slash the phantom!
You destroy the phantom!
Trog accepts your kill.
You slice the vampire mosquito!!
You destroy the vampire mosquito!
Trog accepts your kill. Something appears at your feet!
Trog grants you a weapon!
Unknown command.
You slash the cyclops!
The cyclops is almost dead.
You barely miss the demonic crawler.
The demonic crawler hits you but does no damage.
The demonic crawler hits you.
* * * LOW HITPOINT WARNING * * *
The demonic crawler hits you but does no damage.
The cyclops hits you!!
You die...

..)'................+
####......#..#......#
'.##................#
#.#####'#####''######
#.##.......##''#
#.##.......##..##
'.##.......##..(##
####...<...###...##+##..
)[##.......# ##C@s......
)[##.......# #..###+###.
####.......##..##
.÷###########..
.############..
)#....#..[[###.
'#....#..[[# ##
.'....'..))#
'#....#..))#


You could see a demonic crawler and a cyclops.

Vanquished Creatures
  A sea snake (D)
  A troll (D)
  A hungry ghost (D)
  2 vampire mosquitoes (D)
  A phantom (D)
  An orc warrior (D)
  An ogre (D)
  A wolf (D)
  A centaur (D)
  A crimson imp (D)
  A hell rat (D)
  A worker ant (D)
  A mummy (D)
  3 river rats (D)
  An adder zombie (D)
  An orc (D)
  A ball python (D)
  A bat skeleton (D)
  A bat zombie (D)
  A giant cockroach (D)
  2 goblins (D)
  A hobgoblin (D)
  A kobold (D)
  A frilled lizard (D)
28 creatures vanquished.

Notes
Turn   | Place    | Note
-------+----------+-------------------------------------------
     0 | D        | Fang the Gargoyle Berserker began the quest for the Orb.
     0 | D        | Reached XP level 1. HP: 14/14 MP: 1/1
    20 | D        | Found a bloodstained altar of Trog.
    20 | D        | Found a deep blue altar of Sif Muna.
    20 | D        | Found a viscous altar of Jiyva.
    20 | D        | Found a hazy altar of Hepliaklqana.
    20 | D        | Found an opulent altar of Gozag.
    21 | D        | Found a glowing golden altar of the Shining One.
    21 | D        | Found a glowing silver altar of Zin.
    21 | D        | Found a basalt altar of Yredelemnul.
    21 | D        | Found a shimmering altar of Xom.
    21 | D        | Found an ornate altar of the Wu Jian Council.
    21 | D        | Found a sacrificial altar of Ru.
    21 | D        | Found a stormy altar of Qazlal.
    21 | D        | Found an iron altar of Okawaru.
    21 | D        | Found a sparkling altar of Nemelex Xobeh.
    21 | D        | Found a burning altar of Makhleb.
    21 | D        | Found a blossoming altar of Fedhas.
    21 | D        | Found a white marble altar of Elyvilon.
    21 | D        | Found a shadowy altar of Dithmenos.
    21 | D        | Found a snail-covered altar of Cheibriados.
    23 | D        | Found a radiant altar of Vehumet.
    23 | D        | Found a corrupted altar of Lugonu.
    23 | D        | Found a roughly hewn altar of Beogh.
    76 | D        | Reached ** piety under Trog
   124 | D        | Reached XP level 2. HP: 16/20 MP: 2/2
   283 | D        | Reached *** piety under Trog
   360 | D        | Noticed an ogre
   361 | D        | Reached skill level 5 in Fighting
   361 | D        | Reached XP level 3. HP: 26/26 MP: 3/3
   367 | D        | Reached **** piety under Trog
   368 | D        | Killed an ogre
   368 | D        | Reached skill level 1 in Stealth
   368 | D        | Reached XP level 4. HP: 32/32 MP: 4/4
   368 | D        | Reached XP level 5. HP: 37/37 MP: 5/5
   451 | D        | Reached ***** piety under Trog
   460 | D        | Noticed an orc warrior
   465 | D        | Killed an orc warrior
   465 | D        | Reached XP level 6. HP: 44/44 MP: 6/6
   610 | D        | Noticed a sea snake
   618 | D        | Killed a sea snake
   618 | D        | Reached skill level 10 in Fighting
   618 | D        | Reached skill level 10 in Axes
   618 | D        | Reached XP level 7. HP: 25/52 MP: 7/7
   806 | D        | Noticed a hungry ghost
   820 | D        | Killed a hungry ghost
   820 | D        | Received a gift from Trog
   820 | D        | Reached skill level 5 in Armour
   820 | D        | Reached XP level 8. HP: 59/59 MP: 8/8
   881 | D        | Noticed a troll
   890 | D        | Killed a troll
  1133 | D        | Gained mutation: You possess an exceptional clarity of mind. [potion of mutation]
  1133 | D        | Gained mutation: You are partially covered in slimy green scales. (AC +2) [potion of mutation]
  1133 | D        | Gained mutation: You are somewhat resistant to further mutation. [potion of mutation]
  1203 | D        | Noticed a cyclops
  1207 | D        | Noticed a demonic crawler
  1217 | D        | Received a gift from Trog
  1218 | D        | Mangled by a cyclops

Skill      XL: |  1  2  3  4  5  6  7  8 |
---------------+-------------------------+-----
Axes           | 3 4 6 7 10 11 | 11.9
Fighting       | 4 5 6 8 10 11 | 11.6
Dodging        | 2 3 4 6 7 |  7.7
Armour         | 3 4 5 |  5.1
Stealth        | 1 2 3 |  3.4

Action                   |  1- 3 |  4- 6 |  7- 9 || total
-------------------------+-------+-------+-------++-------
Melee: Hand axe          |    43 |    18 |    15 ||    76
       Battleaxe         |       |       |    18 ||    18
Invok: Berserk           |     1 |     2 |     3 ||     6
  Use: Potion            |       |       |     1 ||     1
  Eat: Chunk             |       |     1 |     3 ||     4
       Ration            |       |       |     1 ||     1
Armor: Animal skin       |    21 |     2 |    13 ||    36
Dodge: Dodged            |    39 |     4 |    35 ||    78
